cohdb
Replays
Latest Replays
All Replays
Popular Replays
Top Player Replays
Match Explorer
How It Works
Community
CoH3 Stats
Reddit
Sign in to upload your games and track your stats! →
Sign in with Steam
Match 48516937
Unlisted
Match 48516937
Overview
Messages
Build Orders
End
Construct Infanterie Kompanie
Selects Mechanized Battlegroup
Pioneer Squad
Grenadier Squad
Grenadier Squad
Grenadier Squad
Infanterie Officer Quarters
MG 42 Machine Gun Team
Construct Panzergrenadier Kompanie
Medical Station
Selects Raid Package
Support Elements
Nebelwerfer 42 Rocket Launcher Team
StuG III G Assault Gun
Selects 8 Rad Armored Car
8 Rad Armored Car
Pak 40 Anti-tank Gun Team
Nebelwerfer 42 Rocket Launcher Team
Grenadier Squad
Selects Panther Heavy Tank
Panther Heavy Tank
Selects Spotting Scopes
Panther Heavy Tank
Selects Wespe Self-propelled Artillery
Angrybirds
Ark Royal
Relicaa
Force Concentration Zulu
0
0
Comments
sign in to comment!
No comments posted yet!